AoeStats
← SCORPION LUK825

Golden Pit

509887641Analyzed
1v1 RM · 5d ago on Sep 28, 2026· 44m 10s· 2 players
Game mode
Random Map
Map size
Tiny (2 player)
Population
200
Speed
Normal
Resources
Standard
Victory
Conquest
Starting age
Dark Age
Ending age
Imperial Age
RankedLock teamsTeams togetherTeam positionsShared explorationLock speedFull tech treeHidden civsTurbo modeCheats
Victory
Defeat
🇺🇸 Burgundians · United States
603
+18
🇺🇸 Persians · United States
655
-40
Deltoid
1:15 Loom
12:12 Feudal Age
14:41 Double-Bit Axe
15:35 Horse Collar
20:36 Castle Age
28:25 Fletching
29:33 Gold Mining
30:20 Wheelbarrow
30:20 Bow Saw
31:38 Pikeman
35:54 Imperial Age
38:21 Scale Barding Armor
38:15 Capped Ram
41:27 Chain Barding Armor
41:04 Bodkin Arrow
41:33 Heavy Plow
42:30 Elite Skirmisher
SCORPION LUK825
1:45 Loom
12:59 Feudal Age
15:37 Double-Bit Axe
16:07 Scale Barding Armor
16:14 Forging
16:49 Wheelbarrow
23:19 Castle Age
26:13 Hand Cart
27:43 Chain Barding Armor
34:16 Iron Casting
33:57 Murder Holes
35:29 Bow Saw
36:02 Padded Archer Armor
35:53 Fletching
36:07 Padded Archer Armor
42:07 Imperial Age
Connection lost

Rejoining the realm…

Still unreachable

The connection could not be restored.

Session expired

The server has moved on; the page needs a fresh start.